 Dungeon Crawl Stone Soup version 0.28-a0-622-gbaef9634d7 (webtiles) character file.

Game seed: 14030970515535628589

9 Iscandelvey the Vexing (level 2, 21/21 HPs)
             Began as a Demonspawn Arcane Marksman on Oct 7, 2021.
             Quit the game on level 1 of the Dungeon.
             The game lasted 00:00:23 (360 turns).

Iscandelvey the Vexing (Demonspawn Arcane Marksman)  Turns: 360, Time: 00:00:24

Health: 21/21      AC:  2    Str: 10    XL:     2   Next: 6%
Magic:  3/3        EV: 12    Int: 14    God:
Gold:   7          SH:  0    Dex: 13    Spells: 3/3 levels left

rFire   . . .      SeeInvis .   a - +0 hunting sling
rCold   . . .      Faith    .   (no shield)
rNeg    . . .      Spirit   .   d - +0 robe
rPois   .          Reflect  .   (no helmet)
rElec   .          Harm     .   (no cloak)
rCorr   .          Rampage  .   (no gloves)
Will    .....                   (no boots)
Stlth   +.........              (no amulet)
HPRegen 0.07/turn               (no ring)
MPRegen 0.08/turn               (no ring)

@: no status effects
A: demonic guardian 1
a: no special abilities


You were on level 1 of the Dungeon.
You visited 1 branch of the dungeon, and saw 1 of its levels.

You collected 7 gold pieces.

Inventory:

Hand Weapons
 a - a +0 hunting sling (weapon)
Missiles
 b - 82 stones
 c - 6 sling bullets (quivered ammo)
Armour
 d - a +0 robe (worn)
Potions
 e - a potion of heal wounds {unknown}


   Skills:
 + Level 1.2 Fighting
 + Level 2.2 Slings
 + Level 1.7 Dodging
 + Level 1.0 Spellcasting
 + Level 3.2 Hexes


You had 3 spell levels left.
You didn't know any spells.
Your spell library contained the following spells:

 Spells                   Type           Power      Damage    Failure   Level
 Slow                     Hex            9%         N/A       11%         2
 Summon Small Mammal      Summ           0%         N/A       26%         1
 Inner Flame              Hex/Fire       5%         N/A       38%         3
 Portal Projectile        Hex/Tloc       10%        N/A       38%         3
 Summon Guardian Golem    Hex/Summ       5%         N/A       38%         3
 Call Canine Familiar     Summ           0%         N/A       61%         3
 Cause Fear               Hex            4%         N/A       56%         4


Dungeon Overview and Level Annotations

Branches:
Dungeon (1/15)

Altars:


Innate Abilities, Weirdness & Mutations

A weak demonic guardian rushes to your aid.


Message History

You open the large door.
There is a large open door here.
There is a large open door here.
c - 3 sling bullets
b - 60 stones (gained 28);
c - 6 sling bullets (gained 3)
You see here a hobgoblin corpse.
No target in view!
c - 7 sling bullets (gained 1);
b - 82 stones (gained 22)
c - 8 sling bullets (gained 1)
c - 9 sling bullets (gained 1)
There is a large open door here.
There is a large open door here.
Key pressed, stopping explore.
No target in view!
There is an open door here.
Key pressed, stopping explore.
No target in view!
No target in view!
Found a stone staircase leading down.
No target in view!
A ball python comes into view.
You shoot a sling bullet. The sling bullet hits the ball python.
The ball python is moderately wounded.
A ball python is nearby!
You shoot a sling bullet. The sling bullet hits the ball python.
You kill the ball python!
You have reached level 2!
Your demonic ancestry asserts itself...
You feel the presence of a demonic guardian.
Found 19 bolts.
You see here 19 bolts.
There is a stone staircase leading down here.
A hobgoblin comes into view.
Found a blackened copper amulet.
You shoot a sling bullet. The sling bullet hits the hobgoblin.
You kill the hobgoblin!
No target in view!
No target in view!
Unknown command.
Are you sure you want to abandon this character and quit the game? (Confirm with "yes".)

#...".....# #.........#
#.........# #.........#
#.........# #..$......#
#.........# ##########
#@.####### .........####
#.........
###+#####...####.........
§§≈§≈§§#####..##........(
≈§..§§≈§≈# ###.##..#####
§§)..§§..# ##.##.#
###'###### #.##.#
#8#8'8### #####.##.#
........###..≈##.#.#


There were no monsters in sight!

Vanquished Creatures
  A ball python (D:1)
  2 goblins (D:1)
  3 hobgoblins (D:1)
  A kobold (D:1)
7 creatures vanquished.

Notes
Turn   | Place    | Note
-------+----------+-------------------------------------------
     0 | D:1      | Iscandelvey the Demonspawn Arcane Marksman began the quest
                  | for the Orb.
     0 | D:1      | Reached XP level 1. HP: 15/15 MP: 2/2
   311 | D:1      | Gained mutation: A weak demonic guardian rushes to your
                  | aid. [demonic ancestry]
   311 | D:1      | Reached XP level 2. HP: 21/21 MP: 3/3
   360 | D:1      | Quit the game

Illustrated notes

Levels and vault maps discovered:
D:1:      dpeg_arrival_morbid_curiosity, layout_basic, minmay_tetromino_o2

Skill      XL: |  1 |
---------------+----+-----
Slings         | 2 |  2.2
Fighting       | |  1.2
Dodging        | |  1.7
Spellcasting   | |  1.0
Hexes          | |  3.2

Action                   || total
-------------------------++-------
 Fire: Hunting sling     ||    32
Armor: Robe              ||     4
Dodge: Dodged            ||    10

Table legend: (Time is in decaauts)
 A = Elapsed time spent in this place.
 B = Non-inter-level travel time spent in this place.
 C = Inter-level travel time spent in this place.
 D = Time resting spent in this place.
 E = Time spent auto-exploring this place.
 F = Levels seen in this place.
 G = Mean time per level.
                   A        B        C        D        E       F      G
               +--------+--------+--------+--------+--------+-----+--------+
         Total |    363 |    363 |      0 |      0 |    312 |   1 |  363.0 |
       Dungeon |    363 |    363 |      0 |      0 |    312 |   1 |  363.0 |
               +--------+--------+--------+--------+--------+-----+--------+

Top non-repeatable levels by time:
     D:1: 363 daAuts
